 Dungeon Sprint DCSS version 0.27-a0-1149-g4505690ab0 (webtiles) character file.

Game seed: 9643264882322650713

2683 Zeld the Force of Nature (level 9, -2/70 HPs)
             Began as an Octopode Fighter on May 14, 2021.
             Was the Champion of Fedhas.
             Succumbed to an orange demon's poison
             ... in the Dungeon (Sprint V: "Ziggurat Sprint").
             The game lasted 00:04:39 (1405 turns).

Zeld the Force of Nature (Octopode Fighter)         Turns: 1405, Time: 00:04:39

Health: -2/70      AC:  1    Str: 30 (31) XL:     9   Next: 64%
Magic:  15/18      EV: 10    Int:  7 (10) God:    Fedhas [******]
Gold:   0          SH: 26    Dex: 11      Spells: 8/8 levels left

rFire    . . .     SeeInvis .   j - +5 broad axe
rCold    . . .     Faith    .   i - +7 tower shield
rNeg     . . .     Spirit   .   (helmet restricted)
rPois    .         Reflect  .   (no amulet)
rElec    .         Harm     .   u - +6 ring of strength
rCorr    +         Rampage  .   v - +6 ring of strength
Will     .....     NoTele   +   y - ring of resist corrosion
Stlth    ++........             C - ring of wizardry
HPRegen  0.21/turn              (no ring)
MPRegen  0.16/turn              (no ring)
                                (no ring)
                                (no ring)

@: lethally poisoned (-2 -> -29), slowed, very slow
A: almost no armour, amphibious, 8 rings, camouflage 1, gelatinous body 1,
(nimble swimmer 1), tentacles, no potion heal 1
a: Renounce Religion, Wall of Briars, Grow Ballistomycete, Overgrow, Grow Oklob


You were in the Dungeon.
You worshipped Fedhas.
Fedhas was exalted by your worship.
You visited 1 branch

Inventory:

Hand Weapons
 j - a +5 broad axe (weapon)
Armour
 i - a +7 tower shield (worn)
Jewellery
 u - a +6 ring of strength (left tentacle)
 v - a +6 ring of strength (right tentacle)
 y - a ring of resist corrosion (on tentacle)
 C - a ring of wizardry (on tentacle)
Wands
 r - a wand of mindburst (7)
 s - a wand of iceblast (5)
 t - a wand of acid (7)
Scrolls
 h - 2 scrolls of blinking
 m - 4 scrolls of amnesia
 n - 7 scrolls of fog
 o - a scroll of holy word
 p - 5 scrolls of identify
 q - 2 scrolls of fear
Potions
 a - 2 potions of brilliance
 b - 6 potions of might
 c - 10 potions of curing
 d - a potion of heal wounds
 e - 6 potions of haste
 f - 7 potions of magic
 g - 3 potions of berserk rage
 k - 2 potions of invisibility
 l - 4 potions of resistance
Miscellaneous
 w - a lightning rod (4/4)
 x - a tin of tremorstones (2/2)
 z - a piece from Xom's chessboard (15/15)
 A - a tin of tremorstones (2/2)
 B - a tin of tremorstones (2/2)


   Skills:
 + Level 9.7 Fighting
 * Level 12.7 Axes
 - Level 3.0 Dodging
 + Level 9.8 Shields
 - Level 2.0 Unarmed Combat
 * Level 12.8 Invocations


You had 8 spell levels left.
You didn't know any spells.
Your spell library contained the following spells:

 Spells                   Type           Power      Damage    Failure   Level
 Foxfire                  Conj/Fire      0%         2x1d4     75%         1
 Corpse Rot               Necr/Air       N/A        N/A       86%         2
 Passwall                 Tmut/Erth      0%         N/A       86%         2
 Stone Arrow              Conj/Erth      0%         3d7       98%         3
 Cause Fear               Hex            0%         N/A       100%        4
 Ice Form                 Ice/Tmut       0%         N/A       100%        4
 Petrify                  Tmut/Erth      0%         N/A       100%        4
 Summon Ice Beast         Ice/Summ       0%         N/A       100%        4
 Hydra Form               Tmut           0%         N/A       100%        5
 Irradiate                Conj/Tmut      0%         3d13      100%        5
 Summon Forest            Summ/Tloc      0%         N/A       100%        5
 Blade Hands              Tmut           0%         N/A       100%        6
 Eringya's Noxious Bog    Tmut/Pois      0%         N/A       100%        6
 Freezing Cloud           Conj/Ice/Air   0%         6-21      100%        6
 Iron Shot                Conj/Erth      0%         9d1       100%        6
 Simulacrum               Ice/Necr       0%         N/A       100%        6
 Statue Form              Tmut/Erth      0%         N/A       100%        6
 Dragon Form              Tmut           0%         N/A       100%        7
 Ozocubu's Refrigeration  Ice            0%         4d5       100%        7
 Summon Hydra             Summ           0%         N/A       100%        7
 Dragon's Call            Summ           0%         N/A       100%        9


Dungeon Overview and Level Annotations

Branches:
Dungeon (1/1)

Altars:
Ashenzari
Cheibriados
Dithmenos
Elyvilon
Fedhas
Gozag
Hepliaklqana
Kikubaaqudgha
Makhleb
Nemelex Xobeh
Okawaru
Qazlal
Ru
Sif Muna
Trog
Uskayaw
Vehumet
Wu Jian
Xom
Yredelemnul
Zin
The Shining One
Beogh
Jiyva
Lugonu

Annotations:
D 1 transporter


Innate Abilities, Weirdness & Mutations

You cannot wear most types of armour.
You are amphibious.
You can wear up to eight rings at the same time.
Your skin changes colour to match your surroundings (Stealth+).
Your rubbery body absorbs attacks. (AC +1, EV +1)
((You are camouflaged near water. (Stealth+)))
You have tentacles for arms and can constrict up to eight enemies at once.
Potions are less effective at restoring your health.


Message History

Okay, then.
Blink to where?
Press: ? - help, Dir - move target
As you read the scroll of blinking, it crumbles to dust.
Your oklob plant spits acid at the mummy.
The splash of acid hits the mummy!
The mummy is splashed with acid.
The acid corrodes the mummy!
The phantasmal warrior blinks!
Your oklob plant spits acid at the mummy.
The splash of acid hits the mummy!
The mummy is splashed with acid.
The mummy is destroyed!
Fedhas accepts your kill.
Your system partially rejects the healing.
You feel much better.
Your oklob plant spits acid at the neqoxec.
The splash of acid hits the neqoxec!
The neqoxec is splashed with acid.
The acid corrodes the neqoxec!
The ushabti shakes and rattles deafeningly!
Unknown command.
Your system partially rejects the healing.
You feel much better.
Your oklob plant spits acid at the neqoxec.
The splash of acid hits the neqoxec!
The neqoxec is splashed with acid.
The neqoxec seems to be corroded for longer.
Something hits you.
Deactivating autopickup; reactivate with Ctrl-A.
The orange demon stings you from afar.
* * * LOW HITPOINT WARNING * * *
You are lethally poisoned!
The orange demon poisons you! Something hits you!
* * * LOW HITPOINT WARNING * * *
Something drains your vigour!
You feel as though you will be slow longer.
You block the phantasmal warrior's attack.
You block the orange demon's attack.
Unknown command.
Blink to where?
Press: ? - help, Dir - move target
As you read the scroll of blinking, it crumbles to dust.
You die...
Fedhas appreciates your contribution to the ecosystem.

▓▓▓▓▓▓▓▓▓▓▓▓▓▓▓▓▓▓▓
▓...8©8..§▓..8©8..▓
▓..=)."MW.▓.......▓
▓...|))4.z▓..)|=..▓
▓.......{.▓.......▓
▓.......MM▓.......▓
▓....3...8▓..÷.÷..▓
▓.........▓.......▓
▓.▓@.P..▓.▓.▓...▓.▓
▓....©....▓...©...▓
▓▓▓▓▓▓▓▓▓▓▓▓▓▓▓▓▓▓▓
▓..8©8..▓ ▓....)..▓
▓..[))..▓ ▓.......▓
▓.......▓ ▓...)...▓


You could see a mummy priest, an orange demon (summoned), a phantasmal warrior
(summoned), a guardian mummy, an ushabti (catching breath), a neqoxec (summoned,
corroded, ally target), a mummy, a wight (summoned) and a friendly oklob plant
(summoned).

Vanquished Creatures
  A deep elf pyromancer (D)
  2 guardian mummies (D)
  A hell hound (D)
  2 phantoms (D)
  A small abomination (D)
  2 crimson imps (D)
  A quasit (D)
  An iron imp (D)
  An iguana (D)
  2 river rats (D)
  A white imp (D)
  2 ufetubi (D)
  An adder zombie (D)
  An adder skeleton (D)
  A jackal (D)
  2 giant cockroach zombies (D)
  A jackal skeleton (D)
  A quokka skeleton (D)
  A quokka zombie (D)
25 creatures vanquished.

Vanquished Creatures (collateral kills)
  2 deep elf knights (D)
  A deep elf archer (D)
  A deep elf pyromancer (D)
  A deep elf zephyrmancer (D)
  A basilisk (D)
  An iguana (D)
  A mummy (D)
8 creatures vanquished.

Grand Total: 33 creatures vanquished

Notes
Turn   | Place    | Note
-------+----------+-------------------------------------------
     0 | D        | Zeld the Octopode Fighter began the quest for the Orb.
     0 | D        | Reached XP level 1. HP: 16/16 MP: 1/1
     2 | D        | Found a blossoming altar of Fedhas.
     3 | D        | Found the +6 Majin-Bo {vamp, MP+6 Int+6}
     3 | D        | Found the +9 heavy crossbow "Sniper" {vorpal, Acc+∞ SInv}
     3 | D        | Found the +10 dark maul {vorpal}
     3 | D        | Found the +15 Maxwell's patent armour {-Cast -Tele rElec
                  | Will+ rCorr}
     3 | D        | Found the +18 shield of the Gong {rElec rN+ Will+ EV-5}
     3 | D        | Found the +14 obsidian axe {vorpal, Drain Fly SInv}
     3 | D        | Found the +7 great mace "Firestarter" {inner flame, rF++}
     3 | D        | Found the +6 shillelagh "Devastator" {shatter}
     3 | D        | Found the +11 plutonium sword {Contam Stlth-}
     3 | D        | Found the +8 lance "Wyrmbane" {slay drac, rPois rF+ rC+
                  | AC+3}
     3 | D        | Found the +9 sword of Zonguldrok {reap}
     3 | D        | Found the +13 scythe of Curses {drain, Drain}
     3 | D        | Found the +5 sword of Power {vorpal}
     3 | D        | Found the +7 mace of Variability {chain chaos}
     3 | D        | Found the +7 Singing Sword {vorpal, sonic wave}
     3 | D        | Found the +8 storm bow {elec, penet}
     4 | D        | Found a viscous altar of Jiyva.
     4 | D        | Found a hazy altar of Hepliaklqana.
     4 | D        | Found a transporter.
     4 | D        | Found an opulent altar of Gozag.
     4 | D        | Found an ancient bone altar of Kikubaaqudgha.
     4 | D        | Found a corrupted altar of Lugonu.
    20 | D        | Found a burning altar of Makhleb.
    21 | D        | Found a sacrificial altar of Ru.
    21 | D        | Found a stormy altar of Qazlal.
    21 | D        | Found a shimmering blue altar of Sif Muna.
    21 | D        | Found an iron altar of Okawaru.
    21 | D        | Found a bloodstained altar of Trog.
    21 | D        | Found a sparkling altar of Nemelex Xobeh.
    29 | D        | Reached skill level 5 in Axes
    29 | D        | Reached XP level 2. HP: 23/23 MP: 2/2
    57 | D        | Became a worshipper of Fedhas Madash
   165 | D        | Entered arena 2.
   165 | D        | Noticed a crimson imp
   165 | D        | Found a transporter.
   167 | D        | Killed a crimson imp
   168 | D        | Reached skill level 5 in Fighting
   168 | D        | Reached skill level 5 in Shields
   168 | D        | Reached XP level 3. HP: 29/29 MP: 2/4
   169 | D        | Reached XP level 4. HP: 35/35 MP: 2/6
   308 | D        | Entered arena 3.
   308 | D        | Noticed a hell hound
   308 | D        | Found a transporter.
   309 | D        | Reached * piety under Fedhas
   312 | D        | Killed a hell hound
   313 | D        | Reached skill level 5 in Invocations
   313 | D        | Reached XP level 5. HP: 32/41 MP: 6/9
   384 | D        | Entered arena 4.
   384 | D        | Found a transporter.
   387 | D        | Reached ** piety under Fedhas
   393 | D        | Reached *** piety under Fedhas
   406 | D        | Got the ring "Basumenn" {rElec Int+6 Dex+4}
   413 | D        | Entered arena 5.
   413 | D        | Noticed a phantom
   413 | D        | Noticed a phantom
   413 | D        | Found a transporter.
   417 | D        | Killed a phantom
   418 | D        | Reached XP level 6. HP: 42/47 MP: 9/11
   421 | D        | Reached **** piety under Fedhas
   425 | D        | Got Sif Muna's Collected Works on Dusty Orientation
   649 | D        | Entered arena 6.
   649 | D        | Found a transporter.
   654 | D        | Reached ***** piety under Fedhas
   655 | D        | Reached XP level 7. HP: 35/54 MP: 11/13
   758 | D        | Entered arena 7.
   758 | D        | Noticed a basilisk
   759 | D        | Found a transporter.
   772 | D        | Killed a basilisk
   791 | D        | Got the ring "Ceuxkei Lyxu" {rCorr Str+2}
  1073 | D        | Entered arena 8.
  1073 | D        | Noticed a deep elf pyromancer
  1073 | D        | Noticed a deep elf knight
  1073 | D        | Noticed a deep elf archer
  1073 | D        | Noticed a deep elf zephyrmancer
  1073 | D        | Noticed a deep elf pyromancer
  1073 | D        | Noticed a deep elf knight
  1074 | D        | Identified the +7 short sword of Pestilence {flame, Str+3
                  | Int+3}
  1077 | D        | Found a transporter.
  1077 | D        | Killed a deep elf knight
  1078 | D        | Reached skill level 10 in Axes
  1078 | D        | Reached XP level 8. HP: 45/61 MP: 1/15
  1080 | D        | Killed a deep elf knight
  1081 | D        | Reached skill level 10 in Invocations
  1083 | D        | Killed a deep elf archer
  1083 | D        | Killed a deep elf pyromancer
  1084 | D        | Reached XP level 9. HP: 26/68 MP: 2/17
  1084 | D        | Killed a deep elf pyromancer
  1084 | D        | Killed a deep elf zephyrmancer
  1389 | D        | Entered arena 9.
  1389 | D        | Noticed a guardian mummy
  1389 | D        | Noticed a mummy priest
  1389 | D        | Noticed a guardian mummy
  1389 | D        | Noticed a guardian mummy
  1390 | D        | Found the +8 autumn katana {vorpal, Clar}
  1392 | D        | Found a transporter.
  1393 | D        | Noticed a sixfirhy
  1395 | D        | Noticed an orange demon
  1396 | D        | Killed a guardian mummy
  1399 | D        | Noticed a phantasmal warrior
  1400 | D        | Killed a guardian mummy
  1400 | D        | Gained mutation: Potions are less effective at restoring
                  | your health. [a neqoxec]
  1402 | D        | Reached ****** piety under Fedhas
  1405 | D        | Succumbed to an orange demon's poison

Illustrated notes

Levels and vault maps discovered:
D:        sprint_v [room_start, room_1, room_2, room_3, room_4, room_5, room_6,
          room_7, room_8, room_9, room_10, room_11, room_12, room_13, room_14,
          room_15, room_16, room_17, room_18, room_19, room_20, room_21,
          room_22, room_23, room_24, room_25, room_26, room_27]

Skill      XL: |  1  2  3  4  5  6  7  8  9 |
---------------+----------------------------+-----
Fighting       | 4 5 6 7 8 9 |  9.7
Axes           | 5 6 7 8 9 10 11 12 | 12.7
Shields        | 4 5 6 7 8 9 |  9.8
Invocations    | 2 3 5 6 8 9 11 12 | 12.8
Dodging        | |  3.0
Unarmed Combat | |  2.0

Action                   |  1- 3 |  4- 6 |  7- 9 || total
-------------------------+-------+-------+-------++-------
Melee: Broad axe         |     1 |    17 |    14 ||    32
       Constrict         |       |     4 |     4 ||     8
       Tentacles         |       |     5 |     1 ||     6
Invok: Grow Oklob        |       |       |     4 ||     4
Evoke: Lightning rod     |     2 |       |       ||     2
       Wand              |       |     2 |       ||     2
  Use: Potion            |     1 |       |     9 ||    10
       Scroll            |       |     4 |     2 ||     6
Armor: Skin              |       |     1 |     1 ||     2
Dodge: Dodged            |       |    10 |     1 ||    11
Block: Tower shield      |       |    20 |    31 ||    51

Table legend: (Time is in decaauts)
 A = Elapsed time spent in this place.
 B = Non-inter-level travel time spent in this place.
 C = Inter-level travel time spent in this place.
 D = Time resting spent in this place.
 E = Time spent auto-exploring this place.
 F = Levels seen in this place.
 G = Mean time per level.
                   A        B        C        D        E       F      G
               +--------+--------+--------+--------+--------+-----+--------+
         Total |   1421 |   1421 |      0 |   1158 |      0 |   1 | 1421.0 |
       Dungeon |   1421 |   1421 |      0 |   1158 |      0 |   1 | 1421.0 |
               +--------+--------+--------+--------+--------+-----+--------+

Top non-repeatable levels by time:
       D: 1421 daAuts
